% Time on Ice - OAKLAND GORILLAS
Lines # - Real PCT - Wanted PCT - Time Play
Normal Forward
1 - 29% - 27% - 14:48
2 - 27% - 27% - 13:32
3 - 26% - 26% - 12:57
4 - 19% - 20% - 9:26
Normal Defense
1 - 35% - 34% - 17:39
2 - 33% - 33% - 16:35
3 - 32% - 33% - 16:05
4 - 1% - 0% - 0:24
PP Forward
1 - 48% - 50% - 2:34
2 - 52% - 50% - 2:45
PP Defense
1 - 52% - 55% - 2:47
2 - 48% - 45% - 2:32
PK Forward
1 - 63% - 55% - 2:30
2 - 37% - 45% - 1:28
PK Defense
1 - 50% - 51% - 2:00
2 - 50% - 49% - 1:58
PK3 Forward
1 - 0% - 55%
2 - 0% - 45%
PK3 Defense
1 - 0% - 50%
2 - 0% - 50%
44 Forward
1 - 0% - 55%
2 - 0% - 45%
44 Defense
1 - 0% - 55%
2 - 0% - 45%
Last Minute Offensive  - 0:00
Last Minute Defensive  - 0:00
Total
Forward - 60:00
Defense - 60:00
% Time on Ice - EDMONTON ICE
Lines # - Real PCT - Wanted PCT - Time Play
Normal Forward
1 - 37% - 38% - 18:31
2 - 34% - 36% - 17:20
3 - 24% - 22% - 12:14
4 - 5% - 4% - 2:38
Normal Defense
1 - 35% - 36% - 17:54
2 - 37% - 34% - 18:32
3 - 25% - 24% - 12:35
4 - 3% - 6% - 1:42
PP Forward
1 - 61% - 55% - 2:25
2 - 39% - 45% - 1:33
PP Defense
1 - 61% - 55% - 2:25
2 - 39% - 45% - 1:33
PK Forward
1 - 71% - 57% - 3:47
2 - 29% - 43% - 1:32
PK Defense
1 - 55% - 57% - 2:55
2 - 45% - 43% - 2:24
PK3 Forward
1 - 0% - 55%
2 - 0% - 45%
PK3 Defense
1 - 0% - 55%
2 - 0% - 45%
44 Forward
1 - 0% - 55%
2 - 0% - 45%
44 Defense
1 - 0% - 55%
2 - 0% - 45%
Last Minute Offensive  - 0:00
Last Minute Defensive  - 0:00
Total
Forward - 60:00
Defense - 60:00
Play-by-Play 1st period 0:01 of 1st period - Nico Hischier wins face-off versus Timo Meier in neutral zone. 0:46 of 1st period - Timo Meier is hit by Tyler Myers and loses puck. 0:56 of 1st period - Off-side. 0:57 of 1st period - Anton Lundell wins face-off versus Boone Jenner in neutral zone. 1:06 of 1st period - Icing by Jesse Puljujarvi. 1:07 of 1st period - Boone Jenner wins face-off versus Ryan Carpenter in OAKLAND GORILLAS zone. 1:13 of 1st period - Icing by Jonas Siegenthaler. 1:14 of 1st period - Anton Lundell wins face-off versus Jesse Puljujarvi in OAKLAND GORILLAS zone. 1:43 of 1st period - Shot by Conor Garland. 1:43 of 1st period - Goal by Conor Garland - OAKLAND GORILLAS : 1 - EDMONTON ICE : 0. 1:44 of 1st period - Paul Stastny wins face-off versus Austin Watson in neutral zone. 1:50 of 1st period - Joel Farabee is hit by Jordan Spence and loses puck. 1:57 of 1st period - Shot by Paul Stastny. 1:57 of 1st period - Shot Blocked by Jonas Brodin. 1:59 of 1st period - Shot by Paul Stastny. 1:59 of 1st period - Shot Blocked by Jonas Brodin. 2:14 of 1st period - Off-side. 2:15 of 1st period - Travis Boyd wins face-off versus Scott Laughton in neutral zone. 2:19 of 1st period - David Kampf is hit by Zach Whitecloud and loses puck. 2:36 of 1st period - Shot by Scott Laughton. 2:36 of 1st period - Deflect By Reese Johnson. 2:36 of 1st period - Shot Misses the Net. 2:38 of 1st period - Shot by Reese Johnson. 2:38 of 1st period - Stopped by James Reimer without a rebound. 2:39 of 1st period - Anton Lundell wins face-off versus Paul Stastny in OAKLAND GORILLAS zone. 3:11 of 1st period - Shot by Cameron York. 3:11 of 1st period - Stopped by Jonathan Quick without a rebound. 3:12 of 1st period - Joel Eriksson Ek wins face-off versus Mason Appleton in EDMONTON ICE zone. 4:15 of 1st period - Icing by Hampus Lindholm. 4:16 of 1st period - Anton Lundell wins face-off versus Travis Boyd in OAKLAND GORILLAS zone. 5:05 of 1st period - Shot by Boone Jenner. 5:05 of 1st period - Shot Misses the Net. 5:07 of 1st period - Shot by Tyler Myers. 5:07 of 1st period - Shot Misses the Net. 5:09 of 1st period - Shot by Conor Garland. 5:09 of 1st period - Stopped by Jonathan Quick without a rebound. 5:10 of 1st period - Nico Hischier wins face-off versus Ryan Carpenter in EDMONTON ICE zone. 5:30 of 1st period - Brock Boeser is hit by Zach Whitecloud and loses puck. 5:43 of 1st period - Shot by Nico Hischier. 5:43 of 1st period - Stopped by Jonathan Quick without a rebound. 5:44 of 1st period - Paul Stastny wins face-off versus Joel Eriksson Ek in EDMONTON ICE zone. 5:51 of 1st period - Shot by Joel Farabee. 5:51 of 1st period - Shot Misses the Net. 5:53 of 1st period - Shot by Tyler Myers. 5:53 of 1st period - Stopped by Jonathan Quick without a rebound. 5:54 of 1st period - Joel Eriksson Ek wins face-off versus Paul Stastny in EDMONTON ICE zone. 6:31 of 1st period - Tyler Myers is hit by Timo Meier and loses puck. 6:48 of 1st period - Icing by Tyler Myers. 6:49 of 1st period - Anton Lundell wins face-off versus Paul Stastny in OAKLAND GORILLAS zone. 7:00 of 1st period - Shot by Anthony Mantha. 7:00 of 1st period - Stopped by James Reimer without a rebound. 7:01 of 1st period - Boone Jenner wins face-off versus Ryan Carpenter in OAKLAND GORILLAS zone. 7:06 of 1st period - Jordan Spence is hit by Boone Jenner and loses puck. 7:27 of 1st period - Shot by Ryan Carpenter. 7:27 of 1st period - Stopped by James Reimer without a rebound. 7:28 of 1st period - Anton Lundell wins face-off versus Nico Hischier in OAKLAND GORILLAS zone. 8:06 of 1st period - Shot by Nico Hischier. 8:06 of 1st period - Shot Blocked by Andy Greene. 8:26 of 1st period - Shot by Boone Jenner. 8:26 of 1st period - Stopped by Jonathan Quick with a rebound. 8:30 of 1st period - Shot by Boone Jenner. 8:30 of 1st period - Stopped by Jonathan Quick without a rebound. 8:31 of 1st period - Joel Eriksson Ek wins face-off versus Travis Boyd in EDMONTON ICE zone. 8:50 of 1st period - Shot by Timo Meier. 8:50 of 1st period - Stopped by James Reimer without a rebound. 8:51 of 1st period - Boone Jenner wins face-off versus Ryan Carpenter in OAKLAND GORILLAS zone. 9:24 of 1st period - Shot by Joonas Donskoi. 9:24 of 1st period - Shot Misses the Net. 10:25 of 1st period - Icing by Joel Eriksson Ek. 10:26 of 1st period - Joel Eriksson Ek wins face-off versus Paul Stastny in EDMONTON ICE zone. 10:26 of 1st period - Joel Eriksson Ek is hit by Calle Jarnkrok. 10:35 of 1st period - Joel Eriksson Ek is hit by Hampus Lindholm and loses puck. 10:40 of 1st period - Shot by Scott Laughton. 10:40 of 1st period - Stopped by James Reimer without a rebound. 10:41 of 1st period - Travis Boyd wins face-off versus Anton Lundell in OAKLAND GORILLAS zone. 10:41 of 1st period - Travis Boyd is hit by Tanner Jeannot. 11:03 of 1st period - Shot by Anthony Mantha. 11:03 of 1st period - Deflect By Anton Lundell. 11:03 of 1st period - Stopped by James Reimer without a rebound. 11:04 of 1st period - Paul Stastny wins face-off versus Ryan Carpenter in OAKLAND GORILLAS zone. 11:18 of 1st period - Shot by Paul Stastny. 11:18 of 1st period - Goal by Paul Stastny - OAKLAND GORILLAS : 2 - EDMONTON ICE : 0. 11:19 of 1st period - Nico Hischier wins face-off versus Anton Lundell in neutral zone. 11:34 of 1st period - Shot by Nico Hischier. 11:34 of 1st period - Shot Misses the Net. 11:36 of 1st period - Shot by Martin Fehervary. 11:36 of 1st period - Stopped by Jonathan Quick without a rebound. 11:37 of 1st period - Paul Stastny wins face-off versus Joel Eriksson Ek in EDMONTON ICE zone. 11:44 of 1st period - Shot by Calle Jarnkrok. 11:44 of 1st period - Stopped by Jonathan Quick without a rebound. 11:45 of 1st period - Paul Stastny wins face-off versus Joel Eriksson Ek in EDMONTON ICE zone. 12:12 of 1st period - Shot by Joel Eriksson Ek. 12:12 of 1st period - Shot Misses the Net. 12:14 of 1st period - Shot by Timo Meier. 12:14 of 1st period - Shot Misses the Net. 13:23 of 1st period - Icing by Jonas Brodin. 13:24 of 1st period - Boone Jenner wins face-off versus Anton Lundell in EDMONTON ICE zone. 13:30 of 1st period - Icing by Jonas Brodin. 13:31 of 1st period - Anton Lundell wins face-off versus Travis Boyd in EDMONTON ICE zone. 13:39 of 1st period - Icing by Tyler Myers. 13:40 of 1st period - Travis Boyd wins face-off versus Scott Laughton in OAKLAND GORILLAS zone. 14:14 of 1st period - Shot by Travis Boyd. 14:14 of 1st period - Shot Misses the Net. 14:22 of 1st period - Shot by David Kampf. 14:22 of 1st period - Stopped by Jonathan Quick without a rebound. 14:23 of 1st period - Boone Jenner wins face-off versus Ryan Carpenter in EDMONTON ICE zone. 14:52 of 1st period - Icing by Shea Theodore. 14:53 of 1st period - Nico Hischier wins face-off versus Ryan Carpenter in EDMONTON ICE zone. 16:05 of 1st period - Shot by Joel Eriksson Ek. 16:05 of 1st period - Deflect By Timo Meier. 16:05 of 1st period - Shot Misses the Net. 16:15 of 1st period - Shot by Boone Jenner. 16:15 of 1st period - Shot Misses the Net. 16:17 of 1st period - Shot by Conor Garland. 16:17 of 1st period - Stopped by Jonathan Quick with a rebound. 16:24 of 1st period - Timo Meier is hit by Martin Fehervary and loses puck. 17:05 of 1st period - Shot by Zachary Werenski. 17:05 of 1st period - Shot Misses the Net. 17:12 of 1st period - Icing by Anthony Mantha. 17:13 of 1st period - Travis Boyd wins face-off versus Anton Lundell in EDMONTON ICE zone. 18:44 of 1st period - Icing by Jonas Brodin. 18:45 of 1st period - Scott Laughton wins face-off versus Paul Stastny in EDMONTON ICE zone. 18:53 of 1st period - Minor Penalty to Jordan Spence for Cross-checking. 18:54 of 1st period - Nico Hischier wins face-off versus Scott Laughton in EDMONTON ICE zone. 19:30 of 1st period - Shot by Tyler Myers. 19:30 of 1st period - Shot Misses the Net. Goals for this period are 2 for OAKLAND GORILLAS vs 0 for EDMONTON ICE. Shots for this period are 12 for OAKLAND GORILLAS vs 6 for EDMONTON ICE. 2nd period 0:01 of 2nd period - Paul Stastny wins face-off versus Scott Laughton in neutral zone. 0:13 of 2nd period - Icing by Paul Stastny. 0:14 of 2nd period - Scott Laughton wins face-off versus Paul Stastny in OAKLAND GORILLAS zone. 0:20 of 2nd period - Icing by Hampus Lindholm. 0:21 of 2nd period - Paul Stastny wins face-off versus Scott Laughton in OAKLAND GORILLAS zone. 0:21 of 2nd period - Paul Stastny is hit by Scott Laughton. 0:46 of 2nd period - Shot by Conor Garland. 0:46 of 2nd period - Stopped by Jonathan Quick with a rebound. 0:59 of 2nd period - Minor Penalty to Martin Fehervary for Delaying the game. 1:00 of 2nd period - David Kampf wins face-off versus Anthony Mantha in OAKLAND GORILLAS zone. 1:29 of 2nd period - Shot by Shea Theodore. 1:29 of 2nd period - Shot